 Dungeon Crawl Stone Soup version 0.15.2 (webtiles) character file.

58 krech the Magician (level 3, -7/19 HPs)
             Began as a Deep Elf Wizard on Jan 28, 2015.
             Killed by divine providence
             ... invoked by an orc priest
              (15 damage)
             ... on Level 3 of the Dungeon.
             The game lasted 00:11:01 (2364 turns).

krech the Magician (Deep Elf Wizard)                Turns: 2364, Time: 00:11:02

HP  -7/19        AC  3     Str  5      XL: 3   Next: 76%
MP  11/14        EV 13     Int 22      God:
Gold 130         SH  0     Dex 14      Spells:  1 memorised, 12 levels left

rFire  . . .     SeeInvis .     l - +0 dagger
rCold  . . .     Clarity  .     a - +0 robe
rNeg   + . .     rCorr    .     (no shield)
rPois  .         rRot     .     b - +0 hat
rElec  .         Spirit   .     (no cloak)
SustAb .         Warding  +     e - +0 pair of gloves
rMut   .         Stasis   .     (no boots)
Gourm  .                        n - amulet of warding
MR     .....                    (no ring)
                                m - +1 ring of strength

@: very slightly contaminated, not resistant to hostile enchantments, unstealthy
A: no striking features
a: no special abilities


You were on level 3 of the Dungeon.
You were not hungry.

You visited 1 branch of the dungeon, and saw 3 of its levels.

You collected 130 gold pieces.

Inventory:

Hand weapons
 l - a +0 dagger (weapon)
Armour
 a - a +0 robe (worn)
 b - a +0 hat (worn)
 e - a +0 pair of gloves (worn)
Comestibles
 d - a bread ration
 j - a beef jerky
 v - a meat ration
Scrolls
 g - a scroll of enchant weapon {unknown}
 h - 2 scrolls of teleportation {unknown}
 k - a scroll of noise {unknown}
 o - 2 scrolls of remove curse {unknown}
 q - a scroll of blinking {unknown}
 s - a scroll of recharging {unknown}
 u - a scroll of identify {unknown}
Jewellery
 m - a +1 ring of strength (left hand)
 n - an amulet of warding (around neck)
Potions
 f - a potion of haste {unknown}
 i - a potion of curing {unknown}
 p - a potion of flight {unknown}
 r - a potion of resistance {unknown}
 t - a potion of heal wounds {unknown}
Books
 c - a book of Minor Magic

   Spells                             Type                      Level
   *Magic Dart                        Conjuration                  1
   Blink                              Translocation                2
   Call Imp                           Summoning                    2
   Repel Missiles                     Charms/Air                   2
   Slow                               Hexes                        2
   Conjure Flame                      Conjuration/Fire             3
   Mephitic Cloud                     Conjuration/Poison/Air       3


   Skills:
 + Level 2.8 Dodging
 + Level 3.0 Stealth
 + Level 5.6 Spellcasting
 + Level 2.0 Conjurations
   Level 1.1 Summonings
   Level 1.1 Translocations


You had 12 spell levels left.
You knew the following spells:

 Your Spells              Type           Power        Failure   Level  Hunger
a - Magic Dart            Conj           ###.         6%          1    None


Dungeon Overview and Level Annotations

Branches:
Dungeon (3/15)

Altars:


Message History

The magic dart hits the orc priest.
Casting: Magic Dart
Confirm with . or Enter, or press ? or * to list all spells.
Aiming: Magic Dart
Press: ? - help, Shift-Dir - straight line, f/p - orc priest
Aim: an orc priest, wielding a short sword and wearing a ring mail You miscast Magic Dart.
You are very lightly contaminated with residual magic.
Nothing appears to happen.
Casting: Magic Dart
Confirm with . or Enter, or press ? or * to list all spells.
Aiming: Magic Dart
Press: ? - help, Shift-Dir - straight line, f/p - orc priest
Aim: an orc priest, wielding a short sword and wearing a ring mail The magic dart hits the orc priest.
The orc priest is lightly wounded.
The orc priest calls down the wrath of Beogh upon you.
Something smites you!
Ouch! That really hurt!
You die...

#######
#.....#
#.###.#
##.###.#
#######...##.#
#.......#.##@#
#.#####...##.#
##.# ######.#
#..# #.# #.##
#.# #.# #.#
#.# #.. #.#
.o. #.# ...


You could see an orc priest.

Vanquished Creatures
  An adder (D:2)
  3 ball pythons
  3 bats (D:1)
  2 giant cockroaches
  4 goblins
  8 hobgoblins
  A quokka (D:2)
  3 giant newts
  4 jackals (D:2)
  6 kobolds
  9 rats
44 creatures vanquished.

Notes
Turn   | Place    | Note
--------------------------------------------------------------
     0 | D:1      | krech, the Deep Elf Wizard, began the quest for the Orb.
     0 | D:1      | Reached XP level 1. HP: 10/10 MP: 6/6
   436 | D:1      | Reached XP level 2. HP: 15/15 MP: 5/10
   457 | D:1      | Reached skill level 5 in Spellcasting
  1243 | D:2      | Reached XP level 3. HP: 19/19 MP: 10/14
  2364 | D:3      | Killed from afar by an orc priest

Action                   || total
-------------------------++-------
Melee: Dagger            ||     7
 Cast: Magic Dart        ||   107
  Eat: Bread ration      ||     1
